[Event "Live Chess"]
[Site "Chess.com"]
[Date "2023.05.20"]
[Round "-"]
[White "1600x"]
[Black "OSmith06"]
[Result "1-0"]
[WhiteElo "1800"]
[BlackElo "1659"]
[TimeControl "300"]
[EndTime "14:50:58 PDT"]
[Termination "1600x won by checkmate"]

1. e4 c6 2. d4 d5 3. e5 c5 4.
dxc5 Nc6 5. Nf3 Bg4 6. h3 Bxf3 7.
Qxf3 e6 8. Bb5 Bxc5 9. Qc3 Qb6 10. Qd3 Bxf2+ 11. Kd1 Qd4 12. Nd2 Qxd3 13. cxd3 Bd4 14.
Nf3 Bb6 15. Bxc6+ bxc6 16. d4 Ne7 17. Bf4 Nf5 18. Kc2 Nxd4+ 19. Kd3 Nxf3 20. gxf3 Ke7 21. Rac1 c5 22. Bg5+ f6 23. Bh4 g5 24. exf6+ Kxf6 25. Bg3 e5 26. Kc2 h5 27. Rcd1 d4 28.
h4 g4 29. Rdf1 gxf3 30. Rxf3+ Ke6 31. Rhf1 Bd8 32. Rf5 Bc7 33. Rf7 Bd6 34. R1f6+ Kd5 35. Rd7 d3+ 36. Kxd3 e4+ 37. Ke3 Rhf8 38. Rfxd6+ Kc4 39. Be1 Rae8 40. b3+ Kb5 41. a4# 1-0

[Event "Live Chess"]
[Site "Chess.com"]
[Date "2023.05.20"]
[Round "-"]
[White "Ferrarifan27"]
[Black "Biranidun"]
[Result "0-1"]
[WhiteElo "2052"]
[BlackElo "2765"]
[TimeControl "300"]
[EndTime "14:51:00 PDT"]
[Termination "Biranidun won by resignation"]

1. e4 c5 2. Nf3 d6 3. d4 cxd4 4. Nxd4 Nf6 5. Nc3 g6 6. Nd5 Bg7 7. Nxf6+ Bxf6 8. Bh6 Nc6 9. c3 Qb6 10. Nxc6 bxc6 11. Qc2 Rb8 12. Rb1 Be6 13. b3 Qa5 14.
Bd2 O-O 15. Bd3 d5 16. exd5 Qxd5 17. O-O Rfd8 18. Bf4 Rb7 19. Be4 Qc5 20. c4 Rbd7 21. Be3 Qe5 22. f4 Qa5 23. f5 gxf5 24. Bxf5 Bxf5 25.
Rxf5 Qc7 26. Rh5 Rd3 27. Bg5 Qe5 28. h4 Qd4+ 29. Kh1 Qg4 30. Bxf6 Qxh5 31. Bxe7 Rd1+ 32. Rxd1 Rxd1+ 33. Kh2 Qe5+ 34. Kh3 Rh1+ 35. Kg4 h5+ 36. Kf3 Rf1+ 37. Qf2 Rxf2+ 38. Kxf2 Qxe7 0-1

[Event "Live Chess"]
[Site "Chess.com"]
[Date "2023.05.20"]
[Round "-"]
[White "Shepherds_Pie"]
[Black "EdenHazard8"]
[Result "1-0"]
[WhiteElo "1931"]
[BlackElo "2044"]
[TimeControl "300"]
[EndTime "14:51:02 PDT"]
[Termination "Shepherds_Pie won by resignation"]

1. c4 e5 2. Nc3 Nc6 3. Nf3 f5 4.
d4 e4 5. Ng5 h6 6. Nh3 Nf6 7.
Nf4 Bb4 8. Qb3 O-O 9. e3 Kh7 10. Bd2 a5 11. a3 a4 12. Nxa4 Bxd2+ 13. Kxd2 Na5 14. Qc3 d6 15. b4 Nxc4+ 16. Bxc4 Rxa4 17. h4 Bd7 18. Qb3 b5 19. Be6 c6 20. h5 d5 21.
Bxd7 Qxd7 22. Ng6 Rfa8 23. Ne5 Qd6 24. Rhc1 R8a6 25. Qc3 Ng4 26. Nxg4 fxg4 27. Ke2 g3 28. f3 exf3+ 29. gxf3 g2 30. Rg1 Qg3 31. Qd3+ Kh8 32. Qf5 Rxa3 33. Rxa3 Rxa3 34. Qf8+ Kh7 35. Qf5+ Kg8 36.
Qe6+ Kf8 37. Qc8+ Kf7 38. Qd7+ Kf6 39. Qxc6+ Kg5 40. Qxd5+ Kh4 41. Qe4+ Kh3 42. Qg4+ Qxg4 43. fxg4 Kxg4 44. Rxg2+ Kxh5 45. Rxg7 Rb3 46. d5 Rxb4 47. d6 Rb2+ 48. Kd3 Rb1 49. Kc2 Ra1 50. d7 Ra8 51. Re7 Rd8 52. Kb3 Kg6 53. Kb4 Kf6 54.
Rh7 Kg6 55. Re7 h5 56. Kxb5 h4 57. Kc6 h3 58. Re8 h2 59. Rxd8 h1=Q+ 60. Kc7 Qc1+ 61.
Kd6 Qd2+ 62. Kc7 Qc3+ 63. Kb8 Qb4+ 64. Kc8 Qc5+ 65. Kb7 Qb5+ 66. Kc7 Qa5+ 67. Kc8 Kf7 68. Rf8+ Kxf8 69. d8=Q+ Qxd8+ 70. Kxd8 Kf7 71. Kd7 Kf8 72. e4 Kf7 73. e5 1-0

[Event "Live Chess"]
[Site "Chess.com"]
[Date "2023.05.20"]
[Round "-"]
[White "chessfiction"]
[Black "KeithArkell"]
[Result "1/2-1/2"]
[WhiteElo "2345"]
[BlackElo "2614"]
[TimeControl "300"]
[EndTime "14:51:07 PDT"]
[Termination "Game drawn - timeout vs insufficient material"]

1. e4 c6 2. d4 d5 3. e5 c5 4. dxc5 Nc6 5. Nf3 Bg4 6. Bb5 Qa5+ 7. Nc3 Bxf3 8. Qxf3 e6 9. O-O Bxc5 10. Bd2 Qc7 11.
Rfe1 Ne7 12. h4 Bd4 13. Qg3 Nf5 14. Qg4 h5 15. Qf4 Rd8 16. Rad1 O-O 17. Bd3 Bxe5 18.
Qg5 g6 19. g4 hxg4 20. h5 g3 21. hxg6 gxf2+ 22. Kxf2 Bg3+ 23. Kg2 Bxe1 24. gxf7+ Kxf7 25. Qh5+ Kg8 26. Rxe1 Qg3+ 27. Kh1 Rd7 28. Rg1 Qxg1+ 29. Kxg1 Rg7+ 30. Bg5 Ne5 31. Bxf5 Nf3+ 32. Kh1 Nxg5 33. Bd3 Nf3 34. Ne2 Rff7 35. Qh3 Rh7 36. Bxh7+ Rxh7 37. Qxh7+ Kxh7 38. Nf4 Ng5 39. Kg2 Kg7 40. Nd3 Kf6 41. Nc5 b6 42. Nd3 Nf7 43. Nb4 a5 44. Nc6 Ne5 45.
Nd4 Nc4 46. b3 e5 47. Nb5 Ne3+ 48. Kf3 Nxc2 49. Nc7 d4 50. Nd5+ Kf5 51. Nxb6 e4+ 52. Ke2 d3+ 53. Kd2 Kf4 54. Nc4 Kf3 55. Ne5+ Kf2 56.
Nc4 Nb4 57. a3 Nd5 58. b4 e3+ 59. Nxe3 axb4 60. Kxd3 bxa3 61. Nc2 a2 62. Na1 Nb4+ 63. Kc3 Nd5+ 64. Kb2 Ne3 65. Nb3 1/2-1/2

[Event "Live Chess"]
[Site "Chess.com"]
[Date "2023.05.20"]
[Round "-"]
[White "WilliamofOrange16th"]
[Black "wot-not"]
[Result "1-0"]
[WhiteElo "1837"]
[BlackElo "1520"]
[TimeControl "300"]
[EndTime "14:51:11 PDT"]
[Termination "WilliamofOrange16th won by checkmate"]

1. e4 Nf6 2. Nc3 e5 3. Nf3 d6 4.
Bc4 Be6 5. Bxe6 fxe6 6. O-O h6 7. d4 exd4 8. Nxd4 Qd7 9. f3 Nc6 10. Be3 Nxd4 11. Bxd4 e5 12. Be3 Be7 13. Nd5 Nxd5 14.
Qxd5 O-O-O 15. Bxa7 b6 16. Qa8# 1-0

[Event "Live Chess"]
[Site "Chess.com"]
[Date "2023.05.20"]
[Round "-"]
[White "Conradical12"]
[Black "Pablo_dmp"]
[Result "1-0"]
[WhiteElo "1600"]
[BlackElo "1864"]
[TimeControl "300"]
[EndTime "14:51:16 PDT"]
[Termination "Conradical12 won on time"]

1. e4 c6 2. d4 d5 3. f3 e5 4.
dxe5 Qb6 5. Nc3 d4 6. Nce2 Bc5 7. Bg5 h6 8. Bh4 Nd7 9. c3 dxc3 10. Nxc3 Qxb2 11. Rc1 g5 12. Bg3 Nxe5 13. Nge2 Nc4 14. Na4 Qb4+ 15. Nac3 Be6 16. Nd4 Rd8 17. Bf2 Nb2 18.
Qd2 Bxd4 19. Bxd4 Rxd4 20. Qc2 Na4 21. a3 Qxc3+ 22. Qxc3 Nxc3 23. Rxc3 Ne7 24. h4 g4 25. Re3 O-O 26. f4 Bc4 27. Bxc4 Rxc4 28. f5 f6 29. O-O Rc5 30. Rg3 h5 31. Rd3 Re5 32. Rd4 Kf7 33.
Rb1 b6 34. Rd7 Ra8 35. Re1 Ke8 36. Rb7 c5 37. Rd1 Rxe4 38. Rdd7 g3 39. Kf1 Nxf5 40. Rh7 Re7 41. Rh8+ Kf7 42. Rxe7+ Nxe7 43. Rxa8 Ke6 44. Rxa7 Nf5 45. Rb7 Kd5 46. Rxb6 Nxh4 47. Rxf6 c4 48. Rh6 Nf5 49. Rxh5 Ke4 50. Ke2 Nd4+ 51. Kd2 Nb3+ 52. Kc3 Ke3 53. Kxc4 Nd2+ 54. Kc3 Ne4+ 55. Kc2 Kf2 56.
Re5 Nd6 57. Rd5 Ne4 58. Rd4 Nc5 59. Rd2+ Kg1 60. Kc3 Kh2 61. Kc4 Ne4 62. Ra2 Nf2 63. a4 Kxg2 64. a5 Kf1 65. Ra1+ Kg2 66. a6 Ne4 67. a7 Nd6+ 68. Kd5 Nb7 69. a8=Q Nd8 70.
Qa2+ Kh3 71. Rh1+ Kg4 72. Qc4+ Kf3 73. Qe4+ 1-0

[Event "Live Chess"]
[Site "Chess.com"]
[Date "2023.05.20"]
[Round "-"]
[White "WelshTiger"]
[Black "JoeyCage"]
[Result "0-1"]
[WhiteElo "2389"]
[BlackElo "2306"]
[TimeControl "300"]
[EndTime "14:51:17 PDT"]
[Termination "JoeyCage won on time"]

1. e4 c5 2. Nf3 Nc6 3. Bb5 g6 4. O-O Bg7 5. c3 Nf6 6. Qa4 O-O 7. d4 cxd4 8. cxd4 Nxe4 9. d5 Nc5 10. Qa3 Qb6 11.
Nc3 Ne5 12. Nxe5 Bxe5 13. Be3 d6 14. Be2 Qc7 15. Rac1 a6 16. Ne4 Qd8 17. Nxc5 dxc5 18. Bxc5 Bd6 19. Bxd6 Qxd6 20. Qxd6 exd6 21. Rc7 b5 22.
Rfc1 Bf5 23. g4 Be4 24. Rd1 Rfc8 25. Rxc8+ Rxc8 26. f3 Rc2 27. Kf1 Bxf3 28. Bxf3 Rxb2 29. Ra1 Rxh2 30. a4 b4 31. a5 b3 32. Bg2 Rh4 33.
Rb1 Rxg4 34. Rxb3 Ra4 35. Rb6 Rxa5 36. Rxd6 Kf8 37. Rb6 Ra4 38. d6 Rd4 39. Rxa6 h5 40.
Kf2 g5 41. Ke3 Rd1 42. Bf3 Re1+ 43. Kf2 Re5 44. Ra8+ Kg7 45. d7 g4 46. d8=Q gxf3 47. Qh8+ Kg6 48. Qxe5 f6 0-1

[Event "Live Chess"]
[Site "Chess.com"]
[Date "2023.05.20"]
[Round "-"]
[White "JackCheetham1"]
[Black "LiamClery2020"]
[Result "0-1"]
[WhiteElo "1695"]
[BlackElo "2077"]
[TimeControl "300"]
[EndTime "14:51:29 PDT"]
[Termination "LiamClery2020 won by checkmate"]

1. e4 Nf6 2. e5 Nd5 3. c4 Nb6 4. d4 d6 5. exd6 cxd6 6. Nf3 g6 7. Be2 Bg7 8. O-O O-O 9. Nc3 Nc6 10. Be3 Bg4 11. b3 e5 12. Qd2 Bxf3 13. d5 Bxe2 14.
Qxe2 Nd4 15. Qd2 f5 16. Bg5 Bf6 17. Bh6 Bg7 18. Bg5 Qe8 19. Rfe1 Qf7 20. Be3 Rae8 21.
Rad1 Nd7 22. Bxd4 exd4 23. Nb5 Rxe1+ 24. Rxe1 Be5 25. f4 Bg7 26. Nxd6 Qf6 27. c5 Nxc5 28. Nc4 Ne4 29. Qd3 Re8 30. Ne5 Qd6 31. Qxd4 Bxe5 32. fxe5 Qxe5 33. Qa4 Rd8 34. Qc4 Qxd5 35. Qc7 Qd4+ 36. Kh1 Nf2+ 37. Kg1 Nh3+ 38. Kh1 Qg1+ 39. Rxg1 Nf2# 0-1

[Event "Live Chess"]
[Site "Chess.com"]
[Date "2023.05.20"]
[Round "-"]
[White "LL220284LL"]
[Black "toog"]
[Result "1-0"]
[WhiteElo "2388"]
[BlackElo "2607"]
[TimeControl "300"]
[EndTime "14:51:36 PDT"]
[Termination "LL220284LL won by checkmate"]

1. b3 e5 2. Bb2 Nc6 3. e3 Nf6 4. Nf3 e4 5. Nd4 Bc5 6. Nxc6 dxc6 7. Be2 O-O 8. O-O Re8 9. d4 Bd6 10. c4 h5 11. Nd2 h4 12. h3 Bf5 13. c5 Bf8 14.
Nc4 Nd5 15. Bg4 Qg5 16. Bxf5 Qxf5 17. a3 Re6 18. Ne5 Rae8 19. b4 f6 20. Qg4 Qxg4 21.
Nxg4 g6 22. Rfb1 Bg7 23. Nh2 f5 24. Nf1 g5 25. Bc1 f4 26. Rb3 Rf8 27. Ra2 f3 28. gxf3 Rxf3 29. Kg2 g4 30. hxg4 h3+ 31. Kg1 h2+ 32. Nxh2 Rh3 33. Nf1 Bxd4 34. Ng3 Be5 35. Kg2 Reh6 36. Nxe4 Rh1 37. Rc2 R6h2+ 38. Kf3 Rg1 39.
b5 Rh3+ 40. Ke2 Rxg4 41. bxc6 bxc6 42. Rb8+ Kg7 43. Nd2 Nc3+ 44. Kd3 Nd5 45. Bb2 Bxb2 46. Rcxb2 Ra4 47. R2b3 Rh2 48. Ke2 Nf6 49. Nf3 Rg2 50.
Nd4 Ng4 51. Kf3 Rxf2+ 52. Kxg4 Rc2 53. Rc8 Rxc5 54. Rxc7+ Kf6 55. Kf3 Ke5 56. Rxc6 Kd5 57. Rxc5+ Kxc5 58. Ke4 Ra6 59. Kd3 Rh6 60. Rb5+ Kd6 61.
Ra5 Kd7 62. Rxa7+ Kc8 63. a4 Kb8 64. Rf7 Ka8 65. a5 Rd6 66. Kc4 Rd8 67. Kb5 Rb8+ 68.
Ka6 Rd8 69. Nc6 Rd7 70. Rf8+ Rd8 71. Rxd8# 1-0

[Event "Live Chess"]
[Site "Chess.com"]
[Date "2023.05.20"]
[Round "-"]
[White "jimwad"]
[Black "LiamBellwood"]
[Result "0-1"]
[WhiteElo "1225"]
[BlackElo "2077"]
[TimeControl "300"]
[EndTime "14:51:40 PDT"]
[Termination "LiamBellwood won by resignation"]

1. d4 e6 2. e4 d5 3. Nc3 Nf6 4. e5 Ng8 5. Bg5 Qxg5 6. Nf3 Qd8 7. Qd2 c5 8. dxc5 Bxc5 9. O-O-O Nc6 10. Bb5 Bd7 11.
Nd4 Nxd4 12. Bxd7+ Qxd7 13. Qg5 Ne7 14. Qxg7 O-O-O 15. Qxf7 Rdf8 16. Qh5 Rxf2 17. g3 Rxc2+ 18. Kb1 Rf2 19.
Qg4 Nb5 20. Nxb5 Qxb5 21. b3 Qe2 22. Qxe6+ Kb8 0-1

[Event "Live Chess"]
[Site "Chess.com"]
[Date "2023.05.20"]
[Round "-"]
[White "GMHarry-youtube"]
[Black "raminguy"]
[Result "1-0"]
[WhiteElo "2033"]
[BlackElo "1950"]
[TimeControl "300"]
[EndTime "14:51:54 PDT"]
[Termination "GMHarry-youtube won by resignation"]

1. e4 e5 2. Nf3 Nc6 3. Bc4 Bc5 4. c3 Nf6 5. O-O Nxe4 6. d4 exd4 7.
cxd4 Bb4 8. Nc3 Bxc3 9. bxc3 d5 10.
Re1 O-O 11. Bd3 Nxc3 12. Qc2 Ne4 13. Bxe4 dxe4 14. Qxe4 Bd7 15. Ng5 f5 16. Qd5+ Kh8 17.
Nf7+ Rxf7 18. Qxf7 1-0

[Event "Live Chess"]
[Site "Chess.com"]
[Date "2023.05.20"]
[Round "-"]
[White "KGreenGator"]
[Black "PiotrJanas"]
[Result "0-1"]
[WhiteElo "1762"]
[BlackElo "1574"]
[TimeControl "300"]
[EndTime "14:52:00 PDT"]
[Termination "PiotrJanas won by resignation"]

1. c4 e5 2. Nc3 f5 3. e3 Nf6 4. d4 e4 5. Be2 Qe7 6. a3 c6 7. h3 d5 8. c5 Qf7 9. b4 a6 10. Bd2 Be7 11. a4 O-O 12. b5 axb5 13. axb5 Rxa1 14. Qxa1 Be6 15. bxc6 bxc6 16. Qb2 Nbd7 17.
Na4 Rb8 18. Nb6 Nxb6 19. cxb6 Bd8 20. Ba5 Bxb6 21. Bxb6 Nd7 22. Bd1 Rxb6 23. Qc2 Qe7 24. Ne2 Qb4+ 25. Qc3 Qxc3+ 26. Nxc3 c5 27. O-O c4 28. f3 Nf6 29. fxe4 Nxe4 30. Nxe4 fxe4 31. Bg4 Bxg4 32. hxg4 Rb2 33. Rc1 Re2 34. Rc3 Kf7 35.
Kf1 Rd2 36. g3 Rd3 37. Rxd3 exd3 38. Ke1 c3 39. Kd1 Kf6 40. Kc1 Kg5 41. e4 dxe4 42. d5 Kf6 43. g5+ Ke5 44. g6 hxg6 0-1

[Event "Live Chess"]
[Site "Chess.com"]
[Date "2023.05.20"]
[Round "-"]
[White "Hussamalhaidar"]
[Black "Stanbad1"]
[Result "0-1"]
[WhiteElo "1006"]
[BlackElo "2392"]
[TimeControl "300"]
[EndTime "14:52:03 PDT"]
[Termination "Stanbad1 won on time"]

1. b3 c5 2. Bb2 Nc6 3. e3 Nf6 4. Nf3 e6 5. Bb5 d5 6. O-O Bd7 7. d3 Bd6 8. Bxc6 Bxc6 9. Ne5 Rc8 10. f4 O-O 11. Nd2 Ne8 12. Ndf3 f6 13. Nxc6 Rxc6 14. Qe1 Rc8 15. Qh4 b5 16. Rf2 c4 17. dxc4 bxc4 18. Nd4 Qd7 19. Raf1 c3 20. Bc1 Bc5 21. f5 Bxd4 22. Qxd4 e5 23. Qh4 Nd6 24. Rf3 Ne4 25.
Rh3 h6 26. Rd1 Qb5 27. Ba3 Rfd8 28. Be7 Rd7 29. Ba3 Qe2 30. Qe1 Qxc2 31. Rxd5 Rxd5 32. Rxh6 Rd1 33. Rh8+ Kxh8 0-1

[Event "Live Chess"]
[Site "Chess.com"]
[Date "2023.05.20"]
[Round "-"]
[White "CameronM1234"]
[Black "sebmoran1"]
[Result "0-1"]
[WhiteElo "1115"]
[BlackElo "1368"]
[TimeControl "300"]
[EndTime "14:52:21 PDT"]
[Termination "sebmoran1 won on time"]

1. e4 c5 2. Nf3 Nc6 3. d4 cxd4 4. Nxd4 Nf6 5. Nc3 e6 6. Bf4 Bc5 7. Ndb5 d6 8. Nxd6+ Bxd6 9. Bxd6 Ne7 10. Nb5 O-O 11.
Nc7 Nxe4 12. Nxa8 Nxd6 13. Bd3 b6 14. Nxb6 axb6 15. Qh5 g6 16. Qe5 Bb7 17. O-O Ndf5 18. Rfd1 Qc8 19. g4 Nh4 20. Be4 Nf3+ 21. Bxf3 Bxf3 22.
Rd6 Bxg4 23. Rxb6 Qxc2 24. Rb8 Bf5 25. Rxf8+ Kxf8 26. Re1 Qc4 27. Qh8+ Ng8 28. Qxh7 Qg4+ 29. Kf1 Bd3+ 30. Re2 Qxe2+ 31. Kg1 Qg4+ 0-1

[Event "Live Chess"]
[Site "Chess.com"]
[Date "2023.05.20"]
[Round "-"]
[White "FailsGambits"]
[Black "Singapourfeuj"]
[Result "1-0"]
[WhiteElo "1336"]
[BlackElo "2234"]
[TimeControl "300"]
[EndTime "14:52:23 PDT"]
[Termination "FailsGambits won by checkmate"]

1. e4 e6 2. Nf3 d5 3. exd5 exd5 4. d4 Bd6 5. Nc3 Ne7 6. g3 Bg4 7. Bg2 c6 8. h3 Bh5 9. O-O Nd7 10. Re1 Qc7 11.
Re3 O-O-O 12. a4 Rhe8 13. a5 Nf5 14. Rxe8 Rxe8 15. g4 Bg6 16. gxf5 Bxf5 17. Be3 f6 18. a6 b6 19. Nh4 Be6 20. Nf3 g5 21. Ra3 h5 22.
Nb5 cxb5 23. Rc3 Nc5 24. dxc5 bxc5 25. Nd4 Bd7 26. Bxd5 Bxh3 27. Nxb5 Bg4 28. Nxc7 Bxd1 29. Nxe8 Be5 30. Rxc5+ Kd7 31. Bc6+ Ke6 32. Ng7+ Kf7 33. Nf5 h4 34. Nd4 h3 35. Bd5+ Kg6 36. Nf3 Bxb2 37. Be4+ Kh6 38. Rc6 Kh5 39. Bd4 Bxf3 40. Bxf3+ g4 41.
Bxb2 gxf3 42. Rxf6 Kg4 43. Rg6+ Kf5 44. Rh6 Kg4 45.
Kh2 Kg5 46. Rxh3 Kg4 47. Rh7 Kf4 48. Rxa7 Ke4 49. Rc7 Kf4 50. a7 Ke4 51. a8=Q+ Kf4 52. Rf7+ Kg5 53. Qg8+ Kh6 54. Rh7# 1-0

[Event "Live Chess"]
[Site "Chess.com"]
[Date "2023.05.20"]
[Round "-"]
[White "therealab0ne"]
[Black "laminaaprod"]
[Result "0-1"]
[WhiteElo "694"]
[BlackElo "2264"]
[TimeControl "300"]
[EndTime "14:52:39 PDT"]
[Termination "laminaaprod won by resignation"]

1. e4 d5 2. exd5 Qxd5 3. Nc3 Qd8 4. d4 Nf6 5. Nf3 e6 6. Bg5 Be7 7. a4 h6 8. Bxf6 Bxf6 9. d5 Bxc3+ 10. bxc3 exd5 11.
Ne5 O-O 12. c4 Re8 13. f4 f6 14. cxd5 fxe5 15. fxe5 Rxe5+ 16. Be2 Qh4+ 17. g3 Qe4 18. Rg1 Bg4 19. Rg2 Qxg2 0-1

[Event "Live Chess"]
[Site "Chess.com"]
[Date "2023.05.20"]
[Round "-"]
[White "Inglaterra"]
[Black "ExIsambard"]
[Result "1-0"]
[WhiteElo "2049"]
[BlackElo "1966"]
[TimeControl "300"]
[EndTime "14:52:54 PDT"]
[Termination "Inglaterra won by resignation"]

1. d4 Nf6 2. Nf3 d5 3. e3 c6 4. Bd3 e6 5. O-O Bd6 6. Nbd2 b6 7. e4 dxe4 8. Nxe4 Nxe4 9. Bxe4 Bb7 10. c3 Nd7 11.
Bg5 Qc7 12. Qe2 O-O 13. Bc2 Rae8 14. Rfe1 c5 15. Qd3 f5 16. Bb3 Be4 17. Rxe4 fxe4 18. Qxe4 c4 19. Bc2 g6 20. h4 Nf6 21. Qe2 Nh5 22.
Re1 Nf4 23. Qe4 Nh5 24. Bh6 Nf6 25. Qe2 Rf7 26. Ng5 Rfe7 27. Qf3 Nh5 28. b3 Nf4 29. bxc4 Qxc4 30. Bb3 Qc8 31. Ne4 Qd7 32. Nf6+ 1-0

[Event "Live Chess"]
[Site "Chess.com"]
[Date "2023.05.20"]
[Round "-"]
[White "Richardallis"]
[Black "Ninifu"]
[Result "0-1"]
[WhiteElo "1891"]
[BlackElo "2022"]
[TimeControl "300"]
[EndTime "14:53:08 PDT"]
[Termination "Ninifu won by resignation"]

1. d4 Nf6 2. Nf3 g6 3. Bg5 Bg7 4. Nbd2 O-O 5. c3 d6 6. e4 c5 7. dxc5 dxc5 8. Bc4 Nc6 9. O-O Nd7 10. Qe2 Nde5 11. Nxe5 Nxe5 12. Rad1 Qc7 13. Bf4 a6 14. a4 Qc6 15. Bxe5 Bxe5 16. b3 Bxc3 17. Bd5 Qc7 18. f4 Bd4+ 19. Kh1 Rb8 20. Nf3 Bg7 21. Ng5 e6 22. Bc4 b6 23. e5 a5 24. Ne4 Bb7 25.
Nd6 Ba8 26. Bd3 Rfd8 27. Be4 Bxe4 28. Qxe4 Bf8 29. Nb5 Qe7 30. g3 Rxd1 31. Rxd1 Rd8 32. Rd6 Rxd6 33. exd6 Qd7 34. Qd3 Bg7 35. Kg1 Bd4+ 36. Nxd4 Qxd6 37. Kf2 cxd4 38. Ke2 Qb4 39. Qb5 Qc3 40. Qc4 Qe3+ 41. Kd1 d3 42. Qc8+ Kg7 43. Qc3+ Kh6 44. Qd2 Qg1+ 45. Qe1 Qxh2 46. Qd2 Qg1+ 47. Qe1 Qxe1+ 48. Kxe1 Kh5 49. Kd2 Kg4 50. Kxd3 Kxg3 51. Kc4 h5 52. Kb5 h4 53. Kxb6 h3 54. Kxa5 h2 55. b4 h1=Q 56. b5 Kxf4 57. b6 Qb7 58. Kb5 Ke5 59. a5 Kd5 60. a6 Qc6+ 61. Ka5 Qc5+ 62. Ka4 Qxb6 63. Ka3 Kc4 64. Ka2 Kc3 0-1

[Event "Live Chess"]
[Site "Chess.com"]
[Date "2023.05.20"]
[Round "-"]
[White "wadsy27"]
[Black "Alan_Richardson"]
[Result "1-0"]
[WhiteElo "2560"]
[BlackElo "1674"]
[TimeControl "300"]
[EndTime "14:53:15 PDT"]
[Termination "wadsy27 won by resignation"]

1. c4 Nf6 2. g3 g6 3. Bg2 Bg7 4. Nc3 O-O 5. Nf3 c6 6. d3 d5 7. O-O Nbd7 8. Rb1 e5 9. Bg5 h6 10. Bxf6 Nxf6 11. e4 Bg4 12. h3 Bxf3 13. Bxf3 dxc4 14.
dxc4 Qxd1 15. Rfxd1 Rad8 16. c5 Rd4 17. Ne2 Rd7 18. Rxd7 Nxd7 19. b4 b6 20. Rd1 Nb8 21.
Nc1 Re8 22. Be2 Kf8 23. Nb3 Ke7 24. Bc4 b5 25. Be2 Rd8 26. Rxd8 Kxd8 27. Na5 Kc7 28. Bd1 a6 29. Bb3 f5 30. Bf7 fxe4 31. Bxg6 Bf6 32.
h4 e3 33. fxe3 Nd7 34. Be4 Nb8 35. Kf2 Kd7 36. Kf3 1-0

[Event "Live Chess"]
[Site "Chess.com"]
[Date "2023.05.20"]
[Round "-"]
[White "Long1968"]
[Black "manthanit"]
[Result "1-0"]
[WhiteElo "1208"]
[BlackElo "1015"]
[TimeControl "300"]
[EndTime "14:53:20 PDT"]
[Termination "Long1968 won by checkmate"]

1. e4 Nf6 2. d3 d5 3. Nd2 dxe4 4. dxe4 e5 5. Ngf3 Bb4 6. Bc4 Nxe4 7. Qe2 Bxd2+ 8. Nxd2 Nxd2 9. Qxe5+ Qe7 10. Qxe7+ Kxe7 11. Bxd2 Re8 12. O-O-O Kf8 13. Rhe1 Bg4 14. Bb4+ Re7 15.
Rd8# 1-0

[Event "Live Chess"]
[Site "Chess.com"]
[Date "2023.05.20"]
[Round "-"]
[White "Ferrarifan27"]
[Black "Shepherds_Pie"]
[Result "1-0"]
[WhiteElo "2058"]
[BlackElo "1926"]
[TimeControl "300"]
[EndTime "14:53:24 PDT"]
[Termination "Ferrarifan27 won by resignation"]

1. e4 e6 2. d4 d5 3. Nc3 Bb4 4. e5 c5 5. a3 Ba5 6. dxc5 Bxc3+ 7. bxc3 Ne7 8. Nf3 Qa5 9. Bd2 Qxc5 10. Bd3 Qc7 11. O-O Nbc6 12. Re1 Bd7 13. Rb1 Ng6 14.
Qe2 O-O 15. h4 h5 16. Bxg6 fxg6 17. Qd3 Rxf3 18. Qxf3 Nxe5 19. Qg3 1-0

[Event "Live Chess"]
[Site "Chess.com"]
[Date "2023.05.20"]
[Round "-"]
[White "AbilifyXL"]
[Black "Delacorta"]
[Result "1-0"]
[WhiteElo "1971"]
[BlackElo "1423"]
[TimeControl "300"]
[EndTime "14:53:25 PDT"]
[Termination "AbilifyXL won by resignation"]

1. d4 e6 2. c4 d5 3. cxd5 exd5 4. Nc3 Nf6 5. Nf3 c6 6. Bg5 Be7 7. e3 O-O 8. Qc2 h6 9. Bxf6 Bxf6 10. b4 a6 11. Bd3 Bg4 12. Be2 Bxf3 13. Bxf3 Nd7 14. O-O g6 15. a4 Bg7 16. b5 Nf6 17. bxc6 bxc6 18. a5 Rb8 19. Rfc1 Qd6 20. Na4 Rfe8 21. Qxc6 Re6 22. Qxd6 Rxd6 23. h3 h5 24. Nb6 Bf8 25.
Rc7 Rdd8 26. Ra7 Ne8 27. Bxd5 1-0

[Event "Live Chess"]
[Site "Chess.com"]
[Date "2023.05.20"]
[Round "-"]
[White "JohanKjeldahl"]
[Black "FlyingChessKestrel13"]
[Result "1-0"]
[WhiteElo "1870"]
[BlackElo "2101"]
[TimeControl "300"]
[EndTime "14:53:30 PDT"]
[Termination "JohanKjeldahl won by resignation"]

1. c4 d6 2. Nc3 g6 3. d4 Bg7 4. g3 Nc6 5. e3 e5 6. Nge2 Nge7 7. Bg2 O-O 8. b3 exd4 9. Nxd4 Nxd4 10. exd4 c5 11. Be3 Nf5 12. Ne2 Re8 13. O-O Rxe3 14.
fxe3 Nxe3 15. Qd2 Nxf1 16. Rxf1 Bg4 17. dxc5 dxc5 18. Bd5 Be6 19. Nf4 Bd4+ 20. Kg2 Bxd5+ 21. Nxd5 b5 22. Qf4 Qd7 23. Qxd4 cxd4 24. Nf6+ Kg7 25. Nxd7 Rd8 26. Ne5 bxc4 27. Nxc4 1-0

[Event "Live Chess"]
[Site "Chess.com"]
[Date "2023.05.20"]
[Round "-"]
[White "f4nomore"]
[Black "lightningorderyt"]
[Result "1-0"]
[WhiteElo "1413"]
[BlackElo "520"]
[TimeControl "300"]
[EndTime "14:53:37 PDT"]
[Termination "f4nomore won by resignation"]

1. d4 d5 2. Bg5 Nc6 3. c3 f6 4. Bh4 e5 5. e3 Nge7 6. Nf3 Bg4 7.
Be2 e4 8. Nfd2 Bf5 9. O-O g5 10.
Bg3 Bg7 11. Bg4 O-O 12. Bxf5 Nxf5 13. Qg4 Nce7 14. Na3 Nxg3 15. fxg3 c6 16. c4 f5 17. Qxg5 h6 18. Qh4 Kh7 19. cxd5 cxd5 20. Rac1 Bf6 21.
Qh3 Qb6 22. b3 Nc6 23. Qxf5+ Kg7 24. Qxd5 Rae8 25. Nxe4 Qb4 26. Nc4 b5 27. Qxc6 1-0

[Event "Live Chess"]
[Site "Chess.com"]
[Date "2023.05.20"]
[Round "-"]
[White "Wild_Tiger"]
[Black "CeladonFish"]
[Result "0-1"]
[WhiteElo "1074"]
[BlackElo "1173"]
[TimeControl "300"]
[EndTime "14:53:45 PDT"]
[Termination "CeladonFish won by checkmate"]

1. d4 Nf6 2. Nf3 g6 3. e3 Bg7 4.
Bd3 O-O 5. O-O d6 6. b3 Re8 7. Bb2 Nc6 8. Nbd2 e5 9. dxe5 dxe5 10. Nxe5 Nxe5 11. Bxe5 Rxe5 12. f4 Re8 13. Rf3 Bg4 14. Rg3 Bxd1 15. Rxd1 Nh5 16. Rh3 Bc3 17. Nf3 Rxe3 18.
f5 gxf5 19. Rxh5 f4 20. Bxh7+ Kg7 21. Rxd8 Rxd8 22. h3 Rd1+ 23. Kh2 Be1 24. Bd3 Bg3# 0-1

[Event "Live Chess"]
[Site "Chess.com"]
[Date "2023.05.20"]
[Round "-"]
[White "Missedidea"]
[Black "McSlash1"]
[Result "1-0"]
[WhiteElo "1714"]
[BlackElo "2027"]
[TimeControl "300"]
[EndTime "14:53:48 PDT"]
[Termination "Missedidea won by resignation"]

1. d4 Nf6 2. c4 g6 3. Nc3 d5 4.
cxd5 Nxd5 5. e4 Nxc3 6. bxc3 Bg7 7. Bc4 O-O 8. Ne2 c5 9. O-O Nc6 10. Be3 cxd4 11. cxd4 Na5 12. Bd3 Be6 13. d5 Bd7 14.
Rb1 b6 15. Nd4 Rc8 16. Qe2 Qc7 17. Rfc1 Qd6 18. Nb5 Bxb5 19. Bxb5 Qa3 20. Rd1 Rc3 21. Bd2 Rc7 22. Bb4 Qxb4 23. Rxb4 Rc5 24. Bd3 Rfc8 25. g3 Bc3 26. Rbb1 Bd4 27. Kg2 R8c7 28. h4 Nb7 29. Bb5 Nd6 30. Bc6 Bg7 31. Rbc1 Ra5 32.
Rc2 f5 33. e5 Ne4 34. d6 exd6 35. exd6 Rc8 36. d7 Rd8 37. Bxe4 Re5 38. Qc4+ Kh8 1-0

[Event "Live Chess"]
[Site "Chess.com"]
[Date "2023.05.20"]
[Round "-"]
[White "NomisY"]
[Black "chrisbradgate"]
[Result "1-0"]
[WhiteElo "1521"]
[BlackElo "861"]
[TimeControl "300"]
[EndTime "14:54:03 PDT"]
[Termination "NomisY won by checkmate"]

1. d4 d5 2. c4 dxc4 3. Nf3 Nf6 4. e3 Nc6 5. Bxc4 h6 6. O-O Bg4 7. Qb3 e6 8. Qxb7 Bxf3 9. gxf3 Qd7 10. Qxa8+ Ke7 11.
Bb5 Qd5 12. Qxc6 Qg5+ 13. Kh1 Nd5 14. Nc3 Nxc3 15. bxc3 Kf6 16. e4 Qh5 17. e5+ Kf5 18.
Qe4# 1-0

[Event "Live Chess"]
[Site "Chess.com"]
[Date "2023.05.20"]
[Round "-"]
[White "IgorSchukin"]
[Black "Jo1ts"]
[Result "1-0"]
[WhiteElo "1745"]
[BlackElo "751"]
[TimeControl "300"]
[EndTime "14:54:06 PDT"]
[Termination "IgorSchukin won by checkmate"]

1. e4 d5 2. exd5 Qxd5 3. Nc3 Qa5 4. b4 Qxb4 5. Nb5 Qa5 6. Bc4 e6 7. Qh5 g6 8. Nd6+ cxd6 9. Qxa5 b6 10. Bb5+ Bd7 11.
Bxd7+ Nxd7 12. Qb5 d5 13. Nf3 Nf6 14. Ne5 Bd6 15.
Nxd7 Nxd7 16. d4 Rd8 17. Bh6 Rc8 18. O-O Rxc2 19. Rac1 Rxc1 20. Rxc1 Be7 21. Rc8+ Bd8 22. Bg5 Kf8 23. Rxd8+ Kg7 24. Rxh8 Kxh8 25. Qxd7 h6 26. Bf6+ Kh7 27. Qxf7# 1-0